 Dungeon Crawl Stone Soup version 0.25.1-2-g60ff931df9 (webtiles) character file.

Game seed: 4106473065088061732

1597 MisterFreud the Magician (level 8, -1/58 (59) HPs)
             Began as a Gnoll Wanderer on Aug 14, 2020.
             Was an Initiate of Ru.
             Slain by a black bear (9 damage)
             ... on level 7 of the Dungeon.
             The game lasted 00:12:07 (10043 turns).

MisterFreud the Magician (Gnoll Wanderer)          Turns: 10043, Time: 00:12:07

HP:   -1/58 (59)    AC:  3    Str: 15    XL:     8   Next: 93%
MP:   5/17          EV: 13    Int: 18    God:    Ru [......]
Gold: 315           SH:  0    Dex: 13    Spells: 17/19 levels left

rFire    . . .     SeeInvis .   x - +0 dagger (venom)
rCold    . . .     Gourm    .   (no shield)
rNeg     . . .     Faith    .   e - +1 robe
rPois    .         Spirit   .   (no helmet)
rElec    .         Reflect  .   (no cloak)
rCorr    .         Harm     .   (no gloves)
MR       .....                  (no boots)
Stlth    ++........             (no amulet)
HPRegen  0.00/turn              (no ring)
MPRegen  0.15/turn              (no ring)

@: very slightly contaminated, non-regenerating, diseased, drained
A: distributed training, fangs 1, strong nose
a: Renounce Religion


You were on level 7 of the Dungeon.
You worshipped Ru.
Ru was noncommittal.
You were not hungry.

You visited 2 branches of the dungeon, and saw 8 of its levels.

You collected 315 gold pieces.

Inventory:

Hand Weapons
 a - a +2 hand crossbow
 c - a +0 hand axe
 x - a +0 dagger of venom (weapon)
Missiles
 b - 66 bolts
 k - 115 stones (quivered)
 l - 63 poisoned darts
 o - 133 arrows
 u - 7 javelins
 A - 34 sling bullets
 E - 7 boomerangs
Armour
 e - a +1 robe (worn)
 B - a +0 buckler
Wands
 F - a wand of disintegration (19)
Scrolls
 g - 3 scrolls of enchant armour
 h - 4 scrolls of remove curse
 j - 4 scrolls of identify {unknown}
 p - 2 scrolls of enchant weapon {unknown}
 r - 4 scrolls of teleportation {unknown}
 s - 2 scrolls of amnesia {unknown}
 v - a scroll of noise {unknown}
 y - a scroll of magic mapping {unknown}
 C - a scroll of fear {unknown}
 G - 4 scrolls of blinking {unknown}
 J - a scroll of torment {unknown}
 K - a scroll of fog {unknown}
 L - a scroll of vulnerability {unknown}
Potions
 d - 4 potions of curing {unknown}
 i - a potion of might {unknown}
 m - 3 potions of lignification {unknown}
 n - 4 potions of degeneration {unknown}
 q - 2 potions of mutation {unknown}
 t - 2 potions of stabbing {unknown}
 w - a potion of berserk rage {unknown}
 z - a potion of haste
 D - a potion of brilliance {unknown}
 H - a potion of cancellation {unknown}
Comestibles
 f - 9 rations
 I - 8 chunks of flesh


   Skills:
 + Level 3.6(2.8) Fighting
 + Level 3.6(2.8) Short Blades
 + Level 3.6(2.8) Long Blades
 + Level 3.6(2.8) Axes
 + Level 3.6(2.8) Maces & Flails
 + Level 3.6(2.8) Polearms
 + Level 3.6(2.8) Staves
 + Level 3.6(2.8) Slings
 + Level 3.6(2.8) Bows
 + Level 5.9(5.1) Crossbows
 + Level 4.5(3.7) Throwing
 + Level 4.5(3.7) Armour
 + Level 3.6(2.8) Dodging
 + Level 3.6(2.8) Stealth
 + Level 4.5(3.7) Shields
 + Level 3.6(2.8) Unarmed Combat
 + Level 6.2(5.4) Spellcasting
 + Level 3.0(2.2) Conjurations
 + Level 3.0(2.2) Hexes
 + Level 3.0(2.2) Charms
 + Level 4.9(4.1) Summonings
 + Level 3.0(2.2) Necromancy
 + Level 3.0(2.2) Translocations
 + Level 3.0(2.2) Transmutations
 + Level 3.0(2.2) Fire Magic
 + Level 3.0(2.2) Ice Magic
 + Level 3.0(2.2) Air Magic
 + Level 3.0(2.2) Earth Magic
 + Level 3.7(2.9) Poison Magic
 + Level 4.0(3.2) Invocations
 + Level 3.6(2.8) Evocations


You had 17 spell levels left.
You knew the following spells:

 Your Spells              Type           Power        Failure   Level  Hunger
a - Sting                 Tmut/Pois      ##..         4%          1    None
b - Sandblast             Erth           ##....       4%          1    None

Your spell library contained the following spells:

 Spells                   Type           Power        Failure   Level  Hunger
 Passwall                 Tmut/Erth      ##......     8%          2    #......
 Mephitic Cloud           Conj/Pois/Air  ##......     14%         3    ##.....
 Stone Arrow              Conj/Erth      ##....       16%         3    ##.....
 Petrify                  Tmut/Erth      ##......     45%         4    ####...
 Lee's Rapid Deconstruct  Erth           ##........   80%         5    ######.


Dungeon Overview and Level Annotations

Branches:
Dungeon (7/15)             Temple (1/1) D:6

Altars:
Ashenzari
Cheibriados
Dithmenos
Elyvilon
Fedhas
Gozag
Hepliaklqana
Kikubaaqudgha
Makhleb
Nemelex Xobeh
Okawaru
Qazlal
Ru
Sif Muna
Trog
Uskayaw
Vehumet
Wu Jian
Xom
Yredelemnul
Zin
The Shining One

Annotations:
D:7 Menkaure


Innate Abilities, Weirdness & Mutations

Your experience applies equally to all skills.
You have very sharp teeth.
Your uncanny sense of smell can sniff out nearby items.


Message History

* * * LOW HITPOINT WARNING * * *
The black bear barely misses you.
Found a wand of disintegration (11).
Found an escape hatch in the ceiling.
An orc, an orc wizard, a centaur and Menkaure come into view.
Menkaure shouts!
The orc wizard shouts!
The centaur shouts!
The quokka bites you.
* * * LOW HITPOINT WARNING * * *
An orc comes into view.
The orc throws a boomerang.
The boomerang barely misses you.
The weapon returns to the orc!
An orc comes into view. It is wielding a +0 club.
Found a shiny ruby ring and 26 stones.
The orc throws a boomerang.
The boomerang barely misses you.
The weapon returns to the orc!
The quokka closely misses you.
The black bear goes berserk!
Found a stone staircase leading down.
There is an escape hatch in the ceiling here.
The black bear bites you!
You die...

.>.<$..........#
.....[#.......#
#...........!$#
#.....=.......# #
#.(..<........# ..
#.............#
...####.............#
#......>.@#
#.......####
.../...hr#####†.......#
###..#...............#
#...#Mo............#
#.#..c.####........# #.
####...##........# ..
#...##..<.....# #. ∆
.##..########## # .
.o=.


You could see a black bear (berserk, poisoned), Menkaure, a centaur, an orc
wizard and a quokka.

Vanquished Creatures
  Edmund (D:6)
  A phantom (D:5)
  2 orc warriors (D:6)
  A necrophage (D:7)
  2 ogres
  A centaur (D:5)
  3 bullfrogs
  A crimson imp (D:6)
  A bullfrog zombie (D:5)
  A jelly (D:4)
  Crazy Yiuf (D:3)
  6 orc wizards
  A bullfrog skeleton (D:5)
  An orc priest (D:6)
  Natasha (D:2)
  An iguana (D:6)
  3 worker ants
  8 adders
  An ooze (D:4)
  An adder skeleton (D:4)
  3 worms
  9 dart slugs (D:6)
  A leopard gecko (D:1)
  15 orcs
  9 bats
  4 giant cockroaches
  6 goblins
  7 hobgoblins
  4 jackals
  13 kobolds
  5 quokkas
  2 frilled lizards (D:1)
  8 rats
124 creatures vanquished.

Notes
Turn   | Place    | Note
-------+----------+-------------------------------------------
     0 | D:1      | MisterFreud the Gnoll Wanderer began the quest for the Orb.
     0 | D:1      | MisterFreud set off with the following items: a +2 hand
                  | crossbow, 22 bolts, a +0 hand axe, a +0 robe, a ration; and
                  | the following spell memorised: Sting; and the following
                  | spells available to memorise: Mephitic Cloud
     0 | D:1      | Reached XP level 1. HP: 13/13 MP: 6/6
    66 | D:1      | Reached XP level 2. HP: 19/19 MP: 7/7
   958 | D:1      | Reached XP level 3. HP: 25/25 MP: 9/9
  1322 | D:2      | Reached skill level 5 in Spellcasting
  1846 | D:2      | Reached skill level 1 in Invocations
  1912 | D:2      | Noticed Natasha
  1939 | D:2      | Killed Natasha
  1939 | D:2      | Reached skill level 1 in Fighting
  1939 | D:2      | Reached skill level 1 in Short Blades
  1939 | D:2      | Reached skill level 1 in Long Blades
  1939 | D:2      | Reached skill level 1 in Axes
  1939 | D:2      | Reached skill level 1 in Maces & Flails
  1939 | D:2      | Reached skill level 1 in Polearms
  1939 | D:2      | Reached skill level 1 in Staves
  1939 | D:2      | Reached skill level 1 in Slings
  1939 | D:2      | Reached skill level 1 in Bows
  1939 | D:2      | Reached skill level 1 in Dodging
  1939 | D:2      | Reached skill level 1 in Stealth
  1939 | D:2      | Reached skill level 1 in Unarmed Combat
  1939 | D:2      | Reached skill level 1 in Evocations
  1939 | D:2      | Reached XP level 4. HP: 4/32 MP: 6/11
  3177 | D:3      | Found a runed translucent door.
  3178 | D:3      | Noticed Crazy Yiuf
  3309 | D:3      | Reached skill level 1 in Conjurations
  3309 | D:3      | Reached skill level 1 in Hexes
  3309 | D:3      | Reached skill level 1 in Charms
  3309 | D:3      | Reached skill level 1 in Necromancy
  3309 | D:3      | Reached skill level 1 in Translocations
  3309 | D:3      | Reached skill level 1 in Transmutations
  3309 | D:3      | Reached skill level 1 in Fire Magic
  3309 | D:3      | Reached skill level 1 in Ice Magic
  3309 | D:3      | Reached skill level 1 in Air Magic
  3309 | D:3      | Reached skill level 1 in Earth Magic
  3526 | D:3      | Reached XP level 5. HP: 26/37 MP: 8/12
  4356 | D:3      | Killed Crazy Yiuf
  5038 | D:4      | Noticed an ogre
  5051 | D:4      | Killed an ogre
  5051 | D:4      | Reached XP level 6. HP: 44/44 MP: 7/14
  5146 | D:4      | Reached skill level 5 in Crossbows
  5652 | D:4      | Learned a level 1 spell: Sandblast
  5875 | D:4      | Reached XP level 7. HP: 50/50 MP: 12/15
  6161 | D:5      | Entered Level 5 of the Dungeon
  8078 | D:6      | Reached XP level 8. HP: 57/57 MP: 16/16
  8460 | D:6      | Reached skill level 6 in Spellcasting
  8729 | D:6      | Found a staircase to the Ecumenical Temple.
  8745 | Temple   | Entered the Ecumenical Temple
  8824 | Temple   | Became a worshipper of Ru the Awakened
  9511 | D:6      | Noticed Edmund
  9525 | D:6      | HP: 1/58 [Edmund/+2 dire flail of draining (6)]
  9528 | D:6      | Killed Edmund
  9839 | D:6      | Found an opulent altar of Gozag.
 10036 | D:7      | Noticed Menkaure
 10043 | D:7      | Slain by a black bear

Illustrated notes

Levels and vault maps discovered:
D:1:      co_arrival_square_in_a_square_in_a_square, layout_loops_cross,
          chequers_serial_rivers_micro_b, hangedman_abyss_or_decor_stabs,
          hex_tiny
D:2:      layout_basic, uniq_natasha
D:3:      layout_loops_corners, uniq_crazy_yiuf_cottage
D:4:      layout_basic
D:5:      layout_loops_ring, first_ration
D:6:      kennysheep_slugbush, layout_rooms, lemuel_crystal_altar,
          temple_statues, minmay_tree_intersection, uniq_edmund
D:7:      layout_rooms, grunt_livestock, david_defended_altar_elf, uniq_menkaure
Temple:   compressed_dpeg_circular_temple

Skill      XL: |  1  2  3  4  5  6  7  8 |
---------------+-------------------------+-----
Poison Magic   | 2 3 |  3.7
Spellcasting   | 5 6 |  6.2
Invocations    | 1 2 3 4 |  4.0
Fighting       | 1 2 3 |  3.6
Short Blades   | 1 2 3 |  3.6
Long Blades    | 1 2 3 |  3.6
Axes           | 1 2 3 |  3.6
Maces & Flails | 1 2 3 |  3.6
Polearms       | 1 2 3 |  3.6
Staves         | 1 2 3 |  3.6
Slings         | 1 2 3 |  3.6
Bows           | 1 2 3 |  3.6
Dodging        | 1 2 3 |  3.6
Stealth        | 1 2 3 |  3.6
Unarmed Combat | 1 2 3 |  3.6
Evocations     | 1 2 3 |  3.6
Conjurations   | 1 2 3 |  3.0
Hexes          | 1 2 3 |  3.0
Charms         | 1 2 3 |  3.0
Necromancy     | 1 2 3 |  3.0
Translocations | 1 2 3 |  3.0
Transmutations | 1 2 3 |  3.0
Fire Magic     | 1 2 3 |  3.0
Ice Magic      | 1 2 3 |  3.0
Air Magic      | 1 2 3 |  3.0
Earth Magic    | 1 2 3 |  3.0
Throwing       | 3 4 |  4.5
Armour         | 3 4 |  4.5
Shields        | 3 4 |  4.5
Summonings     | 4 |  4.9
Crossbows      | 5 |  5.9

Action                   |  1- 3 |  4- 6 |  7- 9 || total
-------------------------+-------+-------+-------++-------
Melee: Hand axe          |    84 |     8 |       ||    92
       Bite              |     4 |    10 |    11 ||    25
       Dagger            |       |    85 |   157 ||   242
       Punch             |       |       |     1 ||     1
 Fire: Hand crossbow     |     1 |       |       ||     1
 Cast: Sting             |    20 |    65 |    39 ||   124
       Sandblast         |       |       |    34 ||    34
  Use: Scroll            |     3 |       |       ||     3
 Stab: Sleeping          |     1 |       |     5 ||     6
       Distracted        |       |     1 |     1 ||     2
  Eat: Chunk             |     1 |    11 |    13 ||    25
       Ration            |     1 |       |       ||     1
Armor: Robe              |    25 |    22 |    40 ||    87
Dodge: Dodged            |    65 |    79 |   111 ||   255
